AoeStats
← Erick14mar

Pilgrims

510000376Analyzed
3v3 RM · 4d ago on Sep 29, 2026· 63m 43s· 6 players
Game mode
Random Map
Map size
Normal (6 player)
Population
200
Speed
Normal
Resources
Standard
Victory
Conquest
Starting age
Dark Age
Ending age
Imperial Age
RankedLock teamsTeams togetherTeam positionsShared explorationLock speedFull tech treeHidden civsTurbo modeCheats
Victory
Defeat
🇵🇪 Malay · Peru
1377
+10
🇨🇱 Lithuanians · Chile
1290
+13
🇺🇸 Spanish · United States
1208
+16
🇺🇸 Spanish · United States
1230
-13
🇺🇸 Persians · United States
1230
-13
🇺🇸 Armenians · United States
1230
-13
tower07
2:34 Loom
9:13 Feudal Age
13:54 Castle Age
13:39 Fletching
38:24 Padded Archer Armor
40:31 Leather Archer Armor
50:23 Medium Warships
55:52 Imperial Age
55:03 Ballistics
57:04 Heavy Warships
57:51 Chemistry
59:42 Elite Cannon Galleon
thevipleb
10:19 Feudal Age
14:28 Castle Age
14:06 Double-Bit Axe
14:57 Loom
16:31 Scale Barding Armor
17:08 Fishing Lines
20:08 Forging
21:09 Chain Barding Armor
21:39 Fervor
22:50 Wheelbarrow
23:51 Iron Casting
23:43 Horse Collar
27:18 Bow Saw
29:37 Bloodlines
29:47 Gold Mining
36:23 Imperial Age
34:08 Hand Cart
34:27 Fletching
37:31 Conscription
37:01 Elite Leitis
39:03 Plate Barding Armor
38:59 Hill Forts
38:59 Bodkin Arrow
41:29 Heavy Plow
44:30 Two-Man Saw
44:02 Crop Rotation
43:34 Bracer
45:00 Town Watch
46:51 Town Patrol
Erick14mar
8:19 Loom
11:42 Feudal Age
13:47 Fletching
15:30 Town Watch
18:12 Castle Age
17:13 Padded Archer Armor
18:05 Bodkin Arrow
17:42 Demolition Ship
19:21 Medium Warships
27:56 Leather Archer Armor
28:59 Ballistics
31:44 Horse Collar
36:27 Imperial Age
34:28 Double-Bit Axe
35:56 Thalassocracy
39:05 Ring Archer Armor
38:38 Bracer
39:35 Heavy Warships
39:42 Forging
39:40 Heavy Plow
40:49 Chemistry
40:45 Bow Saw
42:16 Wheelbarrow
41:42 Town Patrol
43:52 Iron Casting
43:22 Scale Barding Armor
46:07 Blast Furnace
45:51 Hand Cart
The Alchemist
4:15 Loom
12:35 Feudal Age
16:29 Castle Age
14:21 Fletching
15:23 Town Watch
20:38 Wheelbarrow
20:37 Fishing Lines
22:10 Hand Cart
23:15 Hand Cart
23:32 Bodkin Arrow
23:49 Gillnets
26:27 Padded Archer Armor
30:49 Hand Cart
34:06 Imperial Age
34:28 Double-Bit Axe
34:25 Horse Collar
36:27 Heavy Plow
37:16 Forging
37:13 Scale Barding Armor
38:27 Bracer
40:04 Cavalier
[pM] D.O'C.
2:37 Loom
10:22 Feudal Age
10:51 Fishing Lines
11:43 Double-Bit Axe
14:35 Fletching
20:34 Castle Age
20:49 Padded Archer Armor
20:39 Elite Skirmisher
21:50 Gillnets
22:13 Medium Warships
22:33 Bow Saw
23:11 Bodkin Arrow
26:50 Wheelbarrow
26:04 Town Watch
27:22 Wheelbarrow
43:12 Stone Mining
The_DonMiguel
12:07 Feudal Age
15:50 Castle Age
13:42 Fletching
14:26 Double-Bit Axe
16:29 Medium Warships
16:16 Bodkin Arrow
19:41 Forging
19:37 Scale Barding Armor
20:08 Bow Saw
19:47 Fishing Lines
22:24 Ballistics
25:09 Loom
31:07 Imperial Age
30:27 Kamandaran
32:38 Heavy Warships
31:50 Cavalier
32:51 Chain Barding Armor
33:06 Iron Casting
32:41 Padded Archer Armor
33:44 Chemistry
32:54 Careening
36:03 Husbandry
Connection lost

Rejoining the realm…

Still unreachable

The connection could not be restored.

Session expired

The server has moved on; the page needs a fresh start.